 Dungeon Crawl Stone Soup version 0.29-a0-717-g6dac4ea423 (webtiles) character file.

Game seed: 17346975094711294881

94 oldmanjim the Ruffian (level 4, -1/45 HPs)
             Began as an Ogre Transmuter on June 26, 2022.
             Was a Believer of Nemelex Xobeh.
             Killed from afar by a dart slug (3 damage)
             ... with a slug dart
             ... on level 4 of the Dungeon.
             The game lasted 00:11:59 (2976 turns).

oldmanjim the Ruffian (Ogre Transmuter)             Turns: 2976, Time: 00:12:00

Health: -1/45      AC:  3    Str: 14    XL:     4   Next: 63%
Magic:  8/8        EV:  9    Int: 16    God:    Nemelex Xobeh [**....]
Gold:   152        SH:  0    Dex:  9    Spells: 5/9 levels left

rFire   . . .      SeeInvis .     - Unarmed
rCold   . . .      Faith    .   (no shield)
rNeg    + . .      Spirit   .   a - +0 robe
rPois   .          Reflect  .   (helmet restricted)
rElec   .          Harm     .   (no cloak)
rCorr   .          Rampage  .   (gloves unavailable)
Will    .....                   (boots unavailable)
Stlth   +.........              (no amulet)
HPRegen 0.15/turn               l - ring of positive energy
MPRegen 0.11/turn               (no ring)

@: no status effects
A: large, unfitting armour, tough skin 1
a: Renounce Religion, Draw Escape, Draw Destruction, Draw Summoning


You were on level 4 of the Dungeon.
You worshipped Nemelex Xobeh.
Nemelex Xobeh was pleased with you.
You visited 1 branch of the dungeon, and saw 4 of its levels.

You collected 152 gold pieces.

Inventory:

Missiles
 f - 27 stones (quivered)
Armour
 a - a +0 robe (worn)
Jewellery
 l - a ring of positive energy (left hand)
Scrolls
 c - a scroll of magic mapping {unknown}
 h - a scroll of fog
 m - a scroll of enchant weapon {unknown}
Potions
 b - a potion of lignification
 d - a potion of haste {unknown}
 e - 2 potions of mutation
 g - a potion of curing {unknown}
 i - a potion of berserk rage
 j - a potion of ambrosia {unknown}
 k - 2 potions of attraction {unknown}


   Skills:
 - Level 3.0 Fighting
 - Level 1.7 Dodging
 - Level 3.0 Unarmed Combat
 - Level 3.0 Spellcasting
 + Level 2.7 Transmutations
 + Level 1.4 Poison Magic


You had 5 spell levels left.
You knew the following spells:

 Your Spells              Type           Power      Damage    Failure   Level
a - Beastly Appendage     Tmut           22%        N/A       6%          1
b - Spider Form           Tmut/Pois      9%         N/A       24%         3

Your spell library contained the following spells:

 Spells                   Type           Power      Damage    Failure   Level
 Wereblood                Tmut           11%        N/A       9%          2
 Necrotize                Necr           8%         1d4       19%         1
 Sublimation of Blood     Necr           2%         N/A       28%         2
 Ozocubu's Armour         Ice            2%         N/A       50%         3
 Vampiric Draining        Necr           2%         2d6       50%         3
 Ice Form                 Ice/Tmut       6%         N/A       71%         4
 Petrify                  Tmut/Erth      6%         N/A       71%         4
 Irradiate                Conj/Tmut      3%         3d14      96%         5
 Agony                    Necr           2%         N/A       99%         5
 Metabolic Englaciation   Hex/Ice        1%         N/A       99%         5
 Simulacrum               Ice/Necr       1%         N/A       100%        6


Dungeon Overview and Level Annotations

Branches:
Dungeon (4/15)
 Temple: D:4-7

Altars:
Gozag
Nemelex Xobeh


Innate Abilities, Weirdness & Mutations

You are too large for most types of armour.
You have tough skin. (AC +1)


Message History

The orc priest closely misses you.
You barely miss the orc priest. Your kick misses the orc priest.
The orc priest is heavily wounded.
The orc priest hits you with a +0 whip. The orc hits you but does no damage.
The orc barely misses you.
You hit the orc priest. Your kick misses the orc priest.
The orc priest is almost dead.
The orc hits you with a +0 dagger. The orc hits you with a +0 flail.
The orc priest looks braver for a moment.
You hit the orc priest but do no damage.
The orc priest is almost dead.
The orc hits you with a +0 dagger. The orc priest hits you with a +0 whip.
The orc hits you with a +0 flail.
You closely miss the orc priest. Your kick misses the orc priest.
The orc priest is almost dead.
The orc hits you with a +0 dagger.
* * * LOW HITPOINT WARNING * * *
The orc completely misses you. The orc priest hits you with a +0 whip.
* * * LOW HITPOINT WARNING * * *
The orc priest attacks as you move away!
The orc priest hits you with a +0 whip.
* * * LOW HITPOINT WARNING * * *
The orc closely misses you. The orc attacks as you move away!
The orc closely misses you.
Your horns disappear.
Your talons disappear.
The orc priest casts a cantrip, but nothing happens.
The orc priest looks satisfied for a moment.
A dart slug comes into view.
The dart slug launches a dart at you.
The slug dart hits you but does no damage.
The dart slug launches a dart at you. The slug dart hits you.
* * * LOW HITPOINT WARNING * * *
The dart slug launches a dart at you. The slug dart hits you.
* * * LOW HITPOINT WARNING * * *
The dart slug launches a dart at you. The slug dart hits you.
You die...
Your body glows slightly and disappears.

########## #........#
#####........#
########............#
#....................
.#####.##...........
#.@..o.............
#.##.##o...........
#.<#..............#
#######w..........#
....o.........
....>..........
####......#.....
........#.....
#.#######.....


You could see an orc priest, a dart slug and 2 orcs.

Vanquished Creatures
  3 adders (D:2)
  2 worms (D:3)
  A dart slug (D:2)
  6 ball pythons
  6 endoplasms
  4 giant cockroaches
  4 goblins
  3 hobgoblins
  4 jackals (D:3)
  A quokka (D:1)
  4 bats
  2 frilled lizards (D:3)
  10 kobolds
  7 rats
57 creatures vanquished.

Notes
Turn   | Place    | Note
-------+----------+-------------------------------------------
     0 | D:1      | oldmanjim the Ogre Transmuter began the quest for the Orb.
     0 | D:1      | Reached XP level 1. HP: 19/19 MP: 3/3
   218 | D:1      | Reached XP level 2. HP: 27/28 MP: 3/5
   717 | D:1      | You fall into a shaft and drop 1 floor!
   781 | D:2      | Found a faded altar of an unknown god.
   787 | D:2      | Reached XP level 3. HP: 35/35 MP: 5/7
   791 | D:2      | Learned a level 3 spell: Spider Form
   799 | D:2      | Prayed at the altar of an unknown god.
   799 | D:2      | Became a worshipper of Nemelex Xobeh the Trickster
   799 | D:2      | Reached * piety under Nemelex Xobeh
   799 | D:2      | Received a gift from Nemelex Xobeh
  1702 | D:2      | Reached XP level 4. HP: 45/45 MP: 6/8
  1974 | D:2      | Reached skill level 1 in Poison Magic
  2569 | D:3      | Found an opulent altar of Gozag.
  2782 | D:3      | Noticed an orc warrior
  2906 | D:4      | Reached ** piety under Nemelex Xobeh
  2942 | D:4      | HP: 2/45 [orc priest/+0 whip (5)]
  2966 | D:4      | HP: 2/45 [dart slug/slug dart (4)]
  2971 | D:4      | HP: 1/45 [dart slug/slug dart (2)]
  2976 | D:4      | Killed from afar by a dart slug

Illustrated notes

Levels and vault maps discovered:
D:1:      dpeg_arrival_refuge, layout_basic
D:2:      layout_loops_ring, chequers_ecumenical_altar_island, serial_forest,
          infiniplex_forest_diagonal, infiniplex_forest_end_double,
          infiniplex_forest_lined_room_2, infiniplex_forest_zigzag_1,
          infiniplex_forest_clump_diagonal, infiniplex_forest_straight_2,
          infiniplex_forest_straight_3
D:3:      layout_loops_cross, nicolae_uskayaw_dance_hall,
          mainiacjoe_overflow_brackets
D:4:      minmay_inner_zag, layout_basic, minmay_temple_entry_statues_pillars,
          small_statue_intersection, uniq_ijyb

Skill      XL: |  1  2  3  4 |
---------------+-------------+-----
Unarmed Combat | 3 |  3.0
Transmutations | 2 |  2.7
Fighting       | 2 3 |  3.0
Spellcasting   | 3 |  3.0
Poison Magic   | 1 |  1.4
Dodging        | |  1.7

Action                   |  1- 3 |  4- 6 || total
-------------------------+-------+-------++-------
Melee: Unarmed           |    87 |    57 ||   144
       Kick              |    16 |    18 ||    34
       Headbutt          |    10 |     7 ||    17
       Punch             |     2 |     2 ||     4
 Cast: Beastly Appendage |    28 |    12 ||    40
  Use: Scroll            |     4 |       ||     4
Armor: Robe              |    26 |    21 ||    47
Dodge: Dodged            |    36 |    30 ||    66

Table legend: (Time is in decaauts)
 A = Elapsed time spent in this place.
 B = Non-inter-level travel time spent in this place.
 C = Inter-level travel time spent in this place.
 D = Time resting spent in this place.
 E = Time spent auto-exploring this place.
 F = Levels seen in this place.
 G = Mean time per level.
                   A        B        C        D        E       F      G
               +--------+--------+--------+--------+--------+-----+--------+
         Total |   2973 |   2856 |    117 |    209 |   2134 |   4 |  743.2 |
       Dungeon |   2973 |   2856 |    117 |    209 |   2134 |   4 |  743.2 |
               +--------+--------+--------+--------+--------+-----+--------+

Top non-repeatable levels by time:
     D:2: 1340 daAuts
     D:1: 1010 daAuts
     D:3: 532 daAuts
     D:4: 91 daAuts
